 Dungeon Crawl Stone Soup version 0.31-a0-369-g8eba5f6939 (webtiles) character file.

Game seed: 14418222876977226151

127 garrulousMonolith the Changeling (level 5, 0/34 HPs)
             Began as an Octopode Shapeshifter on July 29, 2023.
             Was an Initiate of Dithmenos.
             Constricted to death by a ball python (1 damage)
             ... on level 4 of the Dungeon.
             The game lasted 00:02:36 (2302 turns).

garrulousMonolith the Changeling (OpSh)             Turns: 2302, Time: 00:02:37

Health: 0/34       AC:  1    Str: 14    XL:     5   Next: 11%
Magic:  5/5        EV: 10    Int: 11    God:    Dithmenos [......]
Gold:   83         SH:  0    Dex: 14    Spells: 4/4 levels left

rFire   . .          .
                       - Unarmed
rCold   . . .        (no shield)
rNeg    . . .        (helmet currently unavailable)
rPois   .            (no amulet)
rElec   .            (no ring)
rCorr   .            (no ring)
SInv    .            (no ring)
Will    .....        (no ring)
Stlth   +++          (no ring)
HPRegen 0.25/turn    (no ring)
MPRegen 0.09/turn    (no ring)
                     (no ring)

%: no passive effects
@: beast-form, constricted
A: beast (slay +2), almost no armour, amphibious, 8 rings, camouflage 1,
gelatinous body 1, (nimble swimmer 1), tentacles
a: Begin Untransformation, Renounce Religion


You were on level 4 of the Dungeon.
You worshipped Dithmenos.
Dithmenos was noncommittal.
You were a hulking beast.
You visited 1 branch of the dungeon, and saw 4 of its levels.

You collected 133 gold pieces.
You spent 50 gold pieces at shops.

Inventory:

Hand Weapons
 e - a +1 sling
Missiles
 g - 4 boomerangs (quivered)
Talismans
 b - a beast talisman
Scrolls
 i - a scroll of identify {unknown}
 k - a scroll of noise {unknown}
Potions
 a - a potion of lignification
 c - a potion of haste
 d - a potion of mutation {unknown}
 f - 2 potions of ambrosia {unknown}
 h - a potion of curing {unknown}
 j - a potion of cancellation {unknown}


   Skills:
 + Level 2.1 Fighting
 + Level 2.7 Dodging
 + Level 2.3 Stealth
 + Level 3.4 Unarmed Combat
 + Level 0.1 Invocations
 * Level 3.7 Shapeshifting


You had 4 spell levels left.
You didn't know any spells.
Your spell library contained the following spells:

 Spells                   Type           Power      Damage    Failure   Level
 Sandblast                Erth           0%         2d4       34%         1
 Passwall                 Tmut/Erth      0%         N/A       47%         2
 Stone Arrow              Conj/Erth      0%         3d7       71%         3


Dungeon Overview and Level Annotations

Branches:
Dungeon (4/15)
 Temple: D:4-7

Altars:
Dithmenos
Qazlal
Vehumet
Zin

Shops:
D:3 !


Innate Abilities, Weirdness & Mutations

You are a hulking beast.
Your limbs bulge with bestial killing power. (Slay +2)
You cannot wear most types of armour.
You are amphibious.
You can wear up to eight rings at the same time.
Your skin changes colour to match your surroundings (Stealth+).
Your rubbery body absorbs attacks. (AC +1, EV +1)
((You are camouflaged when in or above water. (Stealth+)))
You have tentacles for arms and can constrict up to eight enemies at once.


Message History

You tentacle-slap the ball python. Your grab misses the ball python.
You squeeze the ball python.
You kill the ball python!
Dithmenos accepts your kill.
The ufetubus shouts!
A ball python comes into view.
The ball python hisses angrily.
You see here a +1 flail of protection.
The ufetubus hits you. x2
The ball python hisses angrily.
You tentacle-slap the ufetubus but do no damage.
Your grab misses the ufetubus. Your squeeze misses the ufetubus.
The ufetubus closely misses you. x2; The ufetubus hits you. x2
You are too injured to fight recklessly!
You are too injured to fight recklessly!
You miss the ufetubus. Your grab misses the ufetubus. The ufetubus hits you.
The ufetubus barely misses you.
You tentacle-slap the ufetubus. Your grab misses the ufetubus.
Your squeeze misses the ufetubus.
The ufetubus is moderately wounded.
The ufetubus misses you. The ufetubus barely misses you.
The ufetubus hits you. x2
You tentacle-slap the ufetubus. Your grab misses the ufetubus.
Your squeeze misses the ufetubus.
The ufetubus is heavily wounded.
The ball python barely misses you. The ball python grabs you.
The ball python constricts you.
* * * LOW HITPOINT WARNING * * *
The ball python closely misses you. The ufetubus hits you.
* * * LOW HITPOINT WARNING * * *
The ufetubus barely misses you. The ball python barely misses you.
The ball python constricts you.
* * * LOW HITPOINT WARNING * * *
You closely miss the ball python. You grab the ball python.
You constrict the ball python. The ufetubus barely misses you.
The ufetubus hits you.
* * * LOW HITPOINT WARNING * * *
The ball python bites you.
* * * LOW HITPOINT WARNING * * *
The ball python barely misses you. The ball python constricts you.
You die...

.# #.# .####.#
#########
#...#.####.......#####
.##........#.........#
.####.##...#.8.....8.#
......#..............#
########.......>.....##
# ##.#......S....# #
#.##...)h5....# #
#†##.....S....# #
#+##.8.....8..# #
#..........# #
..#.#####.#.# ## .....#
.# # .#### ......# .
....+ .)...!. .. .####
....[..#


You could see an ufetubus and 2 ball pythons.

Vanquished Creatures
  An orc wizard (D:3)
  Robin (D:2)
  3 adders
  A dart slug (D:1)
  3 orcs (D:3)
  6 endoplasms
  13 goblins
  7 hobgoblins
  2 quokkas
  5 ball pythons
  4 bats
  5 frilled lizards
  6 rats
57 creatures vanquished.

Notes
Turn   | Place    | Note
-------+----------+-------------------------------------------
     0 | D:1      | garrulousMonolith the Octopode Shapeshifter began the quest
                  | for the Orb.
     0 | D:1      | Reached XP level 1. HP: 13/13 MP: 1/1
   119 | D:1      | Found a faded altar of an unknown god.
   284 | D:1      | Reached XP level 2. HP: 14/18 MP: 2/2
   506 | D:1      | Reached skill level 1 in Stealth
   582 | D:2      | Reached XP level 3. HP: 16/23 MP: 3/3
   863 | D:2      | Noticed Robin
  1321 | D:2      | Reached XP level 4. HP: 18/28 MP: 4/4
  1328 | D:2      | Killed Robin
  1771 | D:3      | Found Odotrulo's Distillery.
  1780 | D:3      | Bought a potion of heal wounds for 50 gold pieces
  1923 | D:3      | Found a stormy altar of Qazlal.
  1923 | D:3      | Found a radiant altar of Vehumet.
  2026 | D:3      | Found a glowing silver altar of Zin.
  2063 | D:3      | Found a shadowy altar of Dithmenos.
  2067 | D:3      | Reached XP level 5. HP: 34/34 MP: 5/5
  2070 | D:3      | Became a worshipper of Dithmenos the Shadowed
  2302 | D:4      | HP: 1/34 [ball python (1)]
  2302 | D:4      | Constricted to death by a ball python

Illustrated notes

Levels and vault maps discovered:
D:1:      scummos_arrival_forest, layout_basic,
          shapermc_ecumenical_altar_starsandcircs
D:2:      layout_basic, uniq_robin
D:3:      wad_pebble_path, layout_rooms, nicolae_dithmenos_the_darkroom,
          gammafunk_temple_overflow_statue, lemuel_round_altar, serial_shops,
          nicolae_shop_crystal
D:4:      layout_loops_corners, nicolae_overflow_hidden_temple, st_stairs_1,
          uniq_pikel

Skill      XL: |  1  2  3  4 |
---------------+-------------+-----
Stealth        | 1 2 |  2.3
Fighting       | 2 |  2.1
Dodging        | |  2.7
Unarmed Combat | |  3.4
Invocations    | |  0.1
Shapeshifting  | |  3.7

Action                     |  1- 3 |  4- 6 || total
---------------------------+-------+-------++-------
  Melee: Unarmed           |    51 |    38 ||    89
         Constrict         |    16 |    10 ||    26
         Tentacles         |    10 |     6 ||    16
         Punch             |     2 |     1 ||     3
    Use: Potion            |     1 |     1 ||     2
         Scroll            |     1 |       ||     1
   Stab: Sleeping          |     9 |     9 ||    18
 Armour: Skin              |     8 |     1 ||     9
  Dodge: Dodged            |    25 |    23 ||    48

Table legend: (Time is in decaauts)
 A = Elapsed time spent in this place.
 B = Non-inter-level travel time spent in this place.
 C = Inter-level travel time spent in this place.
 D = Time resting spent in this place.
 E = Time spent auto-exploring this place.
 F = Levels seen in this place.
 G = Mean time per level.
                   A        B        C        D        E       F      G
               +--------+--------+--------+--------+--------+-----+--------+
         Total |   2277 |   2169 |    108 |    253 |   1551 |   4 |  569.2 |
       Dungeon |   2277 |   2169 |    108 |    253 |   1551 |   4 |  569.2 |
               +--------+--------+--------+--------+--------+-----+--------+

Top non-repeatable levels by time:
     D:2: 1079 daAuts
     D:1: 636 daAuts
     D:3: 440 daAuts
     D:4: 120 daAuts
